 Dungeon Crawl Stone Soup version 0.24-a0-462-ge24419a6ad (webtiles) character file.

Game seed: 17889045399731820688

60994 Peloso the Fencer (level 14, -16/127 HPs)
             Began as a Minotaur Fighter on July 2, 2019.
             Was the Champion of Okawaru.
             Demolished by a lorocyproca (20 damage)
             ... on level 1 of the Abyss.
             The game lasted 00:42:21 (16015 turns).

Peloso the Fencer (Minotaur Fighter)               Turns: 16015, Time: 00:42:22

Health: -16/127    AC: 23    Str: 26    XL:     14   Next: 59%
Magic:  4/14       EV: 12    Int:  5    God:    Okawaru [******]
Gold:   1038       SH: 16    Dex: 12    Spells: 13/13 levels left

rFire    . . .     SeeInvis .   a - +1 double sword of Zaehytug {elec, Str+2}
rCold    . . .     Gourm    .   c - +1 shield
rNeg     . . .     Faith    .   C - +0 plate armour
rPois    .         Spirit   .   N - +1 hat
rElec    .         Reflect  .   (no cloak)
rCorr    .         Harm     .   O - +2 pair of gloves
MR       +....                  L - +1 pair of boots {Fly}
Stlth    ..........             (no amulet)
HPRegen  0.31/turn              (no ring)
MPRegen  0.14/turn              F - +2 ring of evasion

@: flying
A: retaliatory headbutt, horns 2
a: Heroism, Finesse, Renounce Religion, Stop Flying


You were on level 1 of the Abyss.
You worshipped Okawaru.
Okawaru was exalted by your worship.
You were hungry.

You visited 2 branches of the dungeon, and saw 17 of its levels.
You visited the Abyss 1 time.

You collected 1038 gold pieces.

Inventory:

Hand Weapons
 a - the +1 double sword of Zaehytug (weapon) {elec, Str+2}
   (Okawaru gifted it to you on level 8 of the Dungeon)

   Occasionally, upon striking a foe, it will discharge some electrical energy
   and cause terrible harm.
   It affects your strength (+2).
 b - a +4 scimitar of flaming
 Q - the cursed +3 morningstar of Prescription {freeze, rF+ Stlth+, unknown}
   (You found it on level 2 of the Lair of Beasts)

   It has been specially enchanted to freeze those struck by it, causing extra
   injury to most foes and up to half again as much damage against particularly
   susceptible opponents.
   It can also slow down cold-blooded creatures.
   It protects you from fire.
   It makes you more stealthy.
   It has a curse placed upon it.
Missiles
 i - 126 bolts
Armour
 c - a +1 shield (worn)
 k - a +0 pair of boots
 C - a +0 plate armour (worn)
 L - a +1 pair of boots of flying (worn)
 N - a +1 hat (worn)
 O - a +2 pair of gloves (worn)
Jewellery
 n - an uncursed ring of stealth
 o - an uncursed amulet of magic regeneration
 t - an uncursed amulet of regeneration
 B - an uncursed amulet of harm
 F - a +2 ring of evasion (right hand)
 T - an uncursed amulet of the acrobat
Wands
 s - a wand of acid (10)
 v - a wand of random effects (6)
 z - a wand of paralysis (4)
 E - a wand of iceblast (7)
 H - a wand of flame (54)
 K - a wand of polymorph (10)
 S - a wand of disintegration (18)
 W - a wand of digging (9)
Scrolls
 e - 5 scrolls of enchant armour
 h - 7 scrolls of remove curse
 q - 3 scrolls of identify
 r - 5 scrolls of enchant weapon
 w - 2 scrolls of fog
 x - 4 scrolls of magic mapping
 y - 2 scrolls of teleportation
 D - 4 scrolls of blinking
 I - a scroll of silence {unknown}
 J - a scroll of fear
 R - a scroll of amnesia
Potions
 d - 4 potions of might
 g - 4 potions of curing
 l - a potion of experience
 m - a potion of flight
 p - a potion of magic
 u - 4 potions of agility
 A - a potion of berserk rage
 G - 2 potions of ambrosia
 P - 2 potions of haste
 V - a potion of resistance
Miscellaneous
 M - a crystal ball of energy
Comestibles
 f - 35 rations


   Skills:
 + Level 12.8 Fighting
 + Level 17.1 Long Blades
 + Level 13.5 Armour
 + Level 4.6 Dodging
 + Level 1.5 Stealth
 + Level 15.9 Shields
 + Level 2.0 Invocations
 + Level 0.9 Evocations


You had 13 spell levels left.
You didn't know any spells.
Your spell library contained the following spells:

 Spells                   Type           Power        Failure   Level  Hunger
 Magic Dart               Conj           #...         99%         1    ##.....
 Blink                    Tloc           N/A          99%         2    ###....
 Call Imp                 Summ           #.......     99%         2    ###....
 Slow                     Hex            #.......     99%         2    ###....
 Conjure Flame            Conj/Fire      #.......     100%        3    ####...
 Mephitic Cloud           Conj/Pois/Air  #.......     100%        3    ####...


Dungeon Overview and Level Annotations

Branches:
Dungeon (12/15)            Temple (0/1) D:5            Lair (5/6) D:8
  Swamp (0/4) Lair:4       Spider (0/4) Lair:4        Slime (0/5) Lair:5
    Orc (0/2) D:11

Altars:
Ashenzari
Dithmenos
Elyvilon
Gozag
Hepliaklqana
Kikubaaqudgha
Makhleb
Okawaru
Qazlal
Ru
Sif Muna
Trog
Uskayaw
Vehumet
Xom
Yredelemnul

Shops:
D:5 [   D:8 (

Annotations:
D:5 2 runed translucent doors
D:11 exclusion: obsidian statue
D:12 Psyche
Lair:4 3 runed translucent doors, Craser22's ghost, journeyman MiBe
Lair:5 exclusion: 3 oklob plants


Innate Abilities, Weirdness & Mutations

You reflexively headbutt those who attack you in melee.
You have a pair of horns on your head.


Message History

You see here a raiju corpse.
You hit the iron imp but do no damage.
The iron imp picks up a beetle and eats it.
The iron imp barely misses you. You furiously retaliate!
You headbutt the iron imp, but do no damage.
You slash the iron imp!
You kill the iron imp!
Okawaru accepts your kill.
You see here a raiju corpse.
You are suddenly pulled into a different region of the Abyss!
You start resting.
You hear a chilling moan.
Something hits you but does no damage.
Deactivating autopickup; reactivate with Ctrl-A.
You start resting.
You block something's attack.
You start resting.
Something hits you!
* * * LOW HITPOINT WARNING * * *
You feel your power leaking away. Something hits you!!
You die...

. #> #.
. .##
##. ..##
#.. ...
#...##.
#..#.#
#...##.#
###@..#
##.##
...
###.. .#
.. #


There were no monsters in sight!

Vanquished Creatures
  Gastronok (D:12)
  2 tentacled starspawn (Abyss:1)
  3 hydras
  7 two-headed ogres
  Erica (D:8)
  An ogre mage (D:12)
  6 death yaks
  Nergalle (D:12)
  A wizard (Abyss:1)
  9 skeletal warriors
  A wolf spider zombie (D:12)
  An ugly thing (D:12)
  A necromancer (Lair:2)
  2 deep elf magi (D:12)
  A large abomination (Abyss:1)
  A cyclops (D:12)
  3 black mambas
  2 centaur zombies
  An apocalypse crab (Abyss:1)
  2 elephants (Lair:3)
  10 spiny frogs
  7 gargoyles
  A torpor snail (Lair:5)
  3 komodo dragons
  2 rime drakes (Lair:5)
  A red devil (Abyss:1)
  3 trolls
  A wind drake (shapeshifter) (D:12)
  A polar bear (Lair:3)
  3 raiju (Abyss:1)
  A hornet (D:10)
  4 dream sheep (Lair:4)
  10 blink frogs
  A bog body (Lair:4)
  11 hippogriffs
  A meliai zombie (D:12)
  A stone giant simulacrum (Abyss:1)
  2 redbacks (Lair:4)
  A wyvern (D:12)
  A ynoxinul (Abyss:1)
  A wraith (D:11)
  43 yaks
  2 basilisks (Lair:5)
  Grum (D:10)
  A vampire mosquito (D:12)
  A steam dragon (D:11)
  3 wargs (D:11)
  2 soldier ants
  13 water moccasins
  A floating eye (Lair:5)
  5 porcupines
  3 sky beasts
  An ice beast (D:6)
  2 phantoms
  7 orc warriors
  A black bear (D:8)
  A hornet zombie (D:8)
  An eye of draining (D:10)
  6 ogres
  5 centaurs
  21 wolves
  12 crocodiles
  A big kobold (D:10)
  16 bullfrogs
  A wyvern skeleton (D:11)
  3 scorpions
  A water moccasin skeleton (D:5)
  23 killer bees
  10 wights
  4 howler monkeys
  An electric eel (Lair:1)
  6 crimson imps
  A quasit (Abyss:1)
  8 orc priests
  4 centaur skeletons
  A hound (D:8)
  8 jellies
  An iron imp (Abyss:1)
  3 iguanas
  13 orc wizards
  9 worker ants
  6 wolf simulacra (Lair:2)
  A yak simulacrum (Lair:2)
  A killer bee zombie (D:10)
  A hound skeleton (D:6)
  13 gnolls
  9 adders
  A shadow imp (D:10)
  4 oozes
  An adder zombie (D:8)
  An adder skeleton (D:4)
  4 worms
  5 dart slugs
  13 leopard geckos
  42 orcs
  9 bats
  5 giant cockroaches
  A hobgoblin (D:3)
  17 jackals
  8 quokkas
  4 ball pythons
  A ball python skeleton (D:4)
  4 frilled lizards
  12 goblins
  8 kobolds
  A leopard gecko skeleton (D:4)
  A quokka zombie (D:6)
  10 rats
  4 river rat simulacra (Lair:2)
  2 fungi (Lair:1)
  4 plants
552 creatures vanquished.

Vanquished Creatures (others)
  5 dream sheep (D:7)
  A hippogriff (Lair:5)
  A jackal zombie (D:7)
  6 fungi
  7 plants
  8 starspawn tentacles (Abyss:1)
28 creatures vanquished.

Grand Total: 580 creatures vanquished

Notes
Turn   | Place    | Note
-------+----------+-------------------------------------------
     0 | D:1      | Peloso the Minotaur Fighter began the quest for the Orb.
     0 | D:1      | Reached XP level 1. HP: 19/19 MP: 0/0
   211 | D:1      | Reached XP level 2. HP: 27/27 MP: 1/1
   783 | D:2      | Reached XP level 3. HP: 33/33 MP: 2/2
   865 | D:2      | Found a hazy altar of Hepliaklqana.
   900 | D:2      | Found a deep blue altar of Sif Muna.
   911 | D:2      | Reached skill level 3 in Long Blades
   941 | D:2      | Found an opulent altar of Gozag.
  1019 | D:2      | Reached XP level 4. HP: 40/40 MP: 3/3
  1455 | D:3      | Found a basalt altar of Yredelemnul.
  1458 | D:3      | Found an iron altar of Okawaru.
  1461 | D:3      | Found a sacrificial altar of Ru.
  1536 | D:3      | Became a worshipper of Warmaster Okawaru
  1972 | D:3      | Reached skill level 4 in Long Blades
  1972 | D:3      | Reached skill level 1 in Dodging
  1972 | D:3      | Reached skill level 5 in Shields
  1972 | D:3      | Reached XP level 5. HP: 46/46 MP: 4/4
  2964 | D:4      | Reached XP level 6. HP: 32/52 MP: 5/5
  3209 | D:4      | Reached skill level 5 in Long Blades
  3209 | D:4      | Reached skill level 5 in Armour
  3273 | D:4      | Reached * piety under Okawaru
  3403 | D:5      | Entered Level 5 of the Dungeon
  3458 | D:5      | Found a bloodstained altar of Trog.
  3459 | D:5      | Found a white marble altar of Elyvilon.
  3531 | D:5      | Found Coheomn's Antique Armour Emporium.
  3533 | D:5      | You fall into a shaft and drop 1 floor!
  3537 | D:6      | Reached XP level 7. HP: 59/60 MP: 6/6
  3692 | D:5      | Found a staircase to the Ecumenical Temple.
  3835 | D:5      | Reached skill level 6 in Long Blades
  3927 | D:5      | Reached ** piety under Okawaru
  3940 | D:5      | Found a shadowy altar of Dithmenos.
  3944 | D:5      | Reached skill level 5 in Fighting
  4167 | D:5      | Found a runed translucent door.
  4173 | D:5      | Found a runed translucent door.
  4422 | D:6      | Reached XP level 8. HP: 67/68 MP: 7/7
  4469 | D:6      | Reached skill level 7 in Long Blades
  5040 | D:7      | Noticed a dream sheep
  5040 | D:7      | Noticed a dream sheep
  5040 | D:7      | Noticed a dream sheep
  5040 | D:7      | Noticed a dream sheep
  5040 | D:7      | Noticed a dream sheep
  5040 | D:7      | Found a shimmering altar of Xom.
  5045 | D:7      | Killed a dream sheep
  5045 | D:7      | Killed a dream sheep
  5045 | D:7      | Killed a dream sheep
  5045 | D:7      | Killed a dream sheep
  5045 | D:7      | Killed a dream sheep
  5054 | D:7      | Reached *** piety under Okawaru
  5115 | D:7      | Reached skill level 8 in Long Blades
  5279 | D:7      | Found a burning altar of Makhleb.
  5314 | D:7      | Noticed a gargoyle
  5324 | D:7      | Killed a gargoyle
  5324 | D:7      | Reached XP level 9. HP: 31/78 MP: 5/8
  5327 | D:7      | Noticed a gargoyle
  5333 | D:7      | Killed a gargoyle
  5476 | D:7      | Noticed a gargoyle
  5491 | D:7      | Killed a gargoyle
  5491 | D:7      | Reached skill level 9 in Long Blades
  5501 | D:7      | Noticed a gargoyle
  5518 | D:7      | Killed a gargoyle
  5518 | D:7      | Reached **** piety under Okawaru
  5541 | D:7      | Noticed a gargoyle
  5551 | D:7      | Killed a gargoyle
  5551 | D:7      | Reached skill level 1 in Invocations
  5707 | D:7      | Found a stormy altar of Qazlal.
  5980 | D:8      | Reached skill level 1 in Stealth
  5999 | D:8      | Reached skill level 10 in Long Blades
  6013 | D:8      | Reached ***** piety under Okawaru
  6055 | D:8      | Reached XP level 10. HP: 88/88 MP: 9/9
  6084 | D:8      | Found an ancient bone altar of Kikubaaqudgha.
  6110 | D:8      | Noticed a two-headed ogre
  6132 | D:8      | Killed a two-headed ogre
  6132 | D:8      | Reached skill level 10 in Shields
  6143 | D:8      | Received a gift from Okawaru
  6211 | D:8      | Found a staircase to the Lair.
  6348 | D:8      | Found Sodaujot's Antique Weapon Boutique.
  6462 | D:8      | Noticed Erica
  6478 | D:8      | Killed Erica
  6478 | D:8      | Received a gift from Okawaru
  6478 | D:8      | Reached skill level 11 in Long Blades
  6484 | D:8      | Got an encrusted double sword {god gift}
  6485 | D:8      | Identified the +1 double sword of Zaehytug {elec, Str+2}
                  | (Okawaru gifted it to you on level 8 of the Dungeon)
  6736 | D:9      | Noticed a two-headed ogre
  6745 | D:9      | Killed a two-headed ogre
  6751 | D:9      | Noticed a two-headed ogre
  6767 | D:9      | Killed a two-headed ogre
  6767 | D:9      | Reached XP level 11. HP: 64/95 MP: 10/10
  6908 | D:9      | Found a hide-covered altar of Uskayaw.
  7107 | D:10     | Entered Level 10 of the Dungeon
  7191 | D:10     | Noticed Grum
  7210 | D:10     | Killed Grum
  7210 | D:10     | Reached skill level 12 in Long Blades
  7213 | D:10     | Reached skill level 10 in Armour
  8251 | D:11     | Received a gift from Okawaru
  8513 | D:11     | Reached ****** piety under Okawaru
  8622 | D:11     | Found a staircase to the Orcish Mines.
  8653 | D:11     | Noticed an obsidian statue
  8689 | D:11     | Reached skill level 13 in Long Blades
  8783 | D:11     | Noticed a skeletal warrior
  8784 | D:11     | Found a radiant altar of Vehumet.
  8790 | D:11     | Noticed a skeletal warrior
  8791 | D:11     | Killed a skeletal warrior
  8793 | D:11     | Noticed a skeletal warrior
  8802 | D:11     | Killed a skeletal warrior
  8802 | D:11     | Noticed a skeletal warrior
  8822 | D:11     | Killed a skeletal warrior
  8835 | D:11     | Killed a skeletal warrior
  8857 | D:11     | Reached XP level 12. HP: 72/105 MP: 12/12
  9754 | Lair:1   | Entered Level 1 of the Lair of Beasts
  9762 | Lair:1   | Reached skill level 14 in Long Blades
 10756 | Lair:2   | Received a gift from Okawaru
 10761 | Lair:2   | Reached skill level 10 in Fighting
 10916 | Lair:2   | Got a scorched morningstar
 11557 | Lair:3   | Reached skill level 15 in Long Blades
 11578 | Lair:3   | Found a shattered altar of Ashenzari.
 12034 | Lair:3   | Reached XP level 13. HP: 114/114 MP: 13/13
 12491 | Lair:4   | Noticed Craser22's ghost (journeyman MiBe)
 12509 | Lair:4   | Found a runed translucent gate.
 12509 | Lair:4   | Found a runed translucent gate.
 12509 | Lair:4   | Found a runed translucent gate.
 12588 | Lair:4   | Found a staircase to the Swamp.
 12724 | Lair:4   | Received a gift from Okawaru
 12760 | Lair:4   | Found a hole to the Spider Nest.
 12929 | Lair:4   | Reached skill level 16 in Long Blades
 13553 | Lair:5   | Found a staircase to the Slime Pits.
 13906 | Lair:5   | Received a gift from Okawaru
 13909 | Lair:5   | Got an ancient broad axe {god gift}
 13910 | Lair:5   | Identified the +7 broad axe of Zushodeg {chop, *Contam
                  | +Rage rPois} (Okawaru gifted it to you on level 5 of the
                  | Lair of Beasts)
 14912 | D:11     | Reached skill level 15 in Shields
 14936 | D:12     | Reached XP level 14. HP: 115/126 MP: 14/14
 15030 | D:12     | Received a gift from Okawaru
 15354 | D:12     | Noticed Gastronok
 15369 | D:12     | Killed Gastronok
 15471 | D:12     | Reached skill level 17 in Long Blades
 15480 | D:12     | Noticed Nergalle
 15490 | D:12     | Killed Nergalle
 15727 | D:12     | Noticed Psyche
 15741 | D:12     | Cast into level 1 of the Abyss (Psyche)
 15785 | Abyss:1  | Noticed a tentacled starspawn
 15888 | Abyss:1  | Noticed a tentacled starspawn
 15897 | Abyss:1  | Killed a tentacled starspawn
 15929 | Abyss:1  | Noticed a tentacled starspawn
 15938 | Abyss:1  | Killed a tentacled starspawn
 15987 | Abyss:1  | HP: 6/127 [raiju (8)]
 16014 | Abyss:1  | HP: 3/127 [something (11)]
 16015 | Abyss:1  | Demolished by a lorocyproca

Levels and vault maps discovered:
D:1:      roderic_crossed_star, layout_basic, lemuel_another_geyser
D:2:      layout_rooms, overflow_temple_1_default, nicolae_gozag_seed_capital,
          lemuel_round_altar
D:3:      layout_loops_cross, grunt_temple_overflow_diamond, minivault_5,
          hangedman_decor_diamond_cutter
D:4:      layout_rooms, first_ration, hex_large, chequers_serial_rivers_micro_e
D:5:      lemuel_insect_pit, layout_loops_ring, old_standard_altar,
          gammafunk_temple_overflow_pools, temple_doors_e, serial_shops,
          nicolae_shop_statue_plus
D:6:      layout_cave_pools
D:7:      cheibrodos_statue_roulette, layout_loops_cross,
          kb_xom_exploding_sheep, overflow_temple_1_default,
          grunt_qazlal_sundering
D:8:      layout_rooms, kennysheep_little_box, minmay_lair_entry_grove,
          serial_shops, shop, uniq_erica
D:9:      layout_cave_pools, overflow_temple_1_default
D:10:     layout_stronghold, blue_anna_alchemist [blue_anna_fruit_fields,
          blue_anna_fruit_fields], uniq_grum
D:11:     layout_layer_cave, minmay_orc_entry_guard_dogs, basic_altar,
          minivault_15, st_stairs_9
D:12:     layout_long_grid, drop_trap, minmay_pinched_square, uniq_nergalle,
          uniq_psyche, uniq_gastronok
Lair:1:   layout_gridlike, serial_bayou_shore_a, grunt_megastairs_5,
          lemuel_fruit_fields
Lair:2:   layout_loops_ring, eino_house_with_fridge
Lair:3:   wad_woods_stonehenge, layout_gridlike
Lair:4:   layout_cave_pods, skrybe_swamp_entry_bodies, spider_nest_entry_webs,
          gammafunk_ghost_split
Lair:5:   layout_loops_ring, nicolae_slime_entry_slimehenge, minivault_24,
          disabler_island, grunt_megastairs_4
Abyss:1

Skill      XL: |  1  2  3  4  5  6  7  8  9 10 11 12 13 14 |
---------------+-------------------------------------------+-----
Fighting       | 4 5 6 7 8 9 10 12 | 12.8
Armour         | 4 5 6 7 8 9 10 11 12 13 | 13.5
Shields        | 4 5 6 8 9 11 12 13 15 | 15.9
Long Blades    | 3 4 5 6 8 10 11 13 15 16 17 | 17.1
Dodging        | 1 2 3 4 |  4.6
Invocations    | 1 2 |  2.0
Stealth        | 1 |  1.5
Evocations     | |  0.9

Action                   |  1- 3 |  4- 6 |  7- 9 | 10-12 | 13-15 || total
-------------------------+-------+-------+-------+-------+-------++-------
Melee: Long sword        |    93 |   148 |   343 |   106 |       ||   690
       Headbutt          |    13 |    29 |    79 |   148 |   127 ||   396
       Double sword      |       |       |       |   517 |   460 ||   977
       Scimitar          |       |       |       |       |    21 ||    21
       Broad axe         |       |       |       |       |     1 ||     1
Invok: Heroism           |       |       |     7 |     4 |     5 ||    16
Evoke: Wand              |       |     8 |     1 |     1 |       ||    10
  Use: Scroll            |     5 |     6 |     3 |     1 |    14 ||    29
       Potion            |       |       |     1 |       |     2 ||     3
 Stab: Distracted        |       |       |       |     1 |       ||     1
  Eat: Chunk             |       |     5 |     5 |    16 |    10 ||    36
       Ration            |       |     1 |     1 |     1 |     1 ||     4
Armor: Scale mail        |    53 |    68 |       |       |       ||   121
       Chain mail        |       |     7 |    63 |       |       ||    70
       Plate armour      |       |       |    74 |   268 |   157 ||   499
Dodge: Dodged            |    44 |    57 |    64 |   211 |   157 ||   533
Block: Shield            |    68 |    93 |   222 |   506 |   313 ||  1202
       Rpst.: Long sword |     6 |    22 |    17 |     3 |       ||    48
       Double sword      |       |       |       |    47 |    24 ||    71
       Scimitar          |       |       |       |       |     4 ||     4

Table legend:
 A = Non-vault XP
 B = Vault XP
 C = Vault XP percentage of total XP
 D = Non-vault monster count
 E = Vault monster count
 F = Vault count percentage of total count
                 A         B        C        D         E       F
            +---------+---------+-------+---------+---------+-------
      Total |   68514 |   18621 |  21.4 |     471 |      75 |  13.7
            +---------+---------+-------+---------+---------+-------
        D:1 |      33 |       0 |   0.0 |      21 |       0 |   0.0
        D:2 |      90 |       0 |   0.0 |      29 |       0 |   0.0
        D:3 |     144 |       0 |   0.0 |      32 |       0 |   0.0
        D:4 |     386 |       0 |   0.0 |      17 |       0 |   0.0
        D:5 |     568 |       0 |   0.0 |      19 |       0 |   0.0
        D:6 |    1013 |       0 |   0.0 |      28 |       0 |   0.0
        D:7 |     453 |    2058 |  82.0 |      13 |       5 |  27.8
        D:8 |    2061 |    2146 |  51.0 |      32 |      12 |  27.3
        D:9 |    3026 |       0 |   0.0 |      27 |       0 |   0.0
       D:10 |    1626 |     737 |  31.2 |      23 |       6 |  20.7
       D:11 |   10952 |     614 |   5.3 |      66 |       5 |   7.0
       D:12 |    8809 |    7812 |  47.0 |      24 |      17 |  41.5
     Lair:1 |    3614 |     476 |  11.6 |      17 |       1 |   5.6
     Lair:2 |    4988 |     780 |  13.5 |      28 |      12 |  30.0
     Lair:3 |    5173 |    1804 |  25.9 |      24 |       5 |  17.2
     Lair:4 |    9889 |     706 |   6.7 |      26 |       3 |  10.3
     Lair:5 |    7861 |    1488 |  15.9 |      32 |       9 |  22.0
    Abyss:1 |    7828 |       0 |   0.0 |      13 |       0 |   0.0
            +---------+---------+-------+---------+---------+-------
